 Dungeon Crawl Stone Soup version 0.21.0 (webtiles) character file.

491900 KamiKatze the Axe Maniac (level 23, -23/225 HPs)
             Began as a Minotaur Berserker on Jan 7, 2018.
             Was the Champion of Trog.
             Annihilated by Dissolution (27 damage)
             ... while paralysed by a floating eye
             ... on level 5 of the Pits of Slime on Jan 8, 2018.
             The game lasted 05:23:55 (61716 turns).

KamiKatze the Axe Maniac (Minotaur Berserker)      Turns: 61716, Time: 05:23:56

Health: -23/225    AC: 26    Str: 27    XL:     23   Next: 89%
Magic:  0/27       EV:  2    Int:  4    God:    Trog [******]
Gold:   1054       SH:  0    Dex: 13    Spells: 22/22 levels left

rFire    . . .     SeeInvis +   w - +9 executioner's axe (protect)
rCold    + + .     Gourm    .   (shield currently unavailable)
rNeg     . . .     Faith    .   X - +9 plate armour "Ririnure" {SInv}
rPois    .         Spirit   .   y - +0 hat {MR+}
rElec    +         Reflect  +   f - +1 cloak
rCorr    +         Harm     .   V - +0 pair of gloves
MR       ++++.                  x - +2 pair of boots
Stlth    ..........             J - +3 amulet of reflection
HPRegen  1.47/turn              u - ring of resist corrosion
MPRegen  0.20/turn              H - ring of the Briny Deep {+Fly rElec rC++ Str-2}

@: paralysed, about to teleport, corroded, protection aura, regenerating
A: retaliatory headbutt, horns 2
}: 2/15 runes: serpentine, barnacled
a: Berserk, Trog's Hand, Brothers in Arms, Burn Spellbooks, Renounce Religion,
Evoke Flight


You were on level 5 of the Pits of Slime.
You worshipped Trog.
Trog was exalted by your worship.
You were not hungry.

You visited 11 branches of the dungeon, and saw 49 of its levels.
You also visited: Labyrinth, Ice Cave and Wizlab.

You collected 4930 gold pieces.
You spent 3876 gold pieces at shops.

Inventory:

Hand Weapons
 a - a +9 antimagic executioner's axe
 b - the +7 broad axe of Eternal Vigilance {venom, rF+ rC++}
   (You found it on level 1 of the Vaults)

   It poisons the flesh of those it strikes.
   It protects you from fire.
   It greatly protects you from cold.
 w - a +9 executioner's axe of protection (weapon)
Missiles
 h - 4 throwing nets
 z - 8 javelins of penetration (quivered)
 Z - 5 tomahawks of dispersal
Armour
 f - a +1 cloak (worn)
 x - a +2 pair of boots (worn)
 y - a +0 hat of magic resistance (worn)
 V - a +0 pair of gloves (worn)
 X - the +9 plate armour "Ririnure" (worn) {SInv}
   (You found it in a labyrinth)

   It lets you see invisible.
Jewellery
 u - a ring of resist corrosion (left hand)
 E - an uncursed ring of protection from fire
 H - the ring of the Briny Deep (right hand) {+Fly rElec rC++ Str-2}
   (You took it off a frost giant on level 4 of the Depths)

   [ring of flight]

   It affects your strength (-2).
   It greatly protects you from cold.
   It insulates you from electricity.
   It lets you fly.
 J - a +3 amulet of reflection (around neck)
 N - a +5 ring of intelligence
Wands
 A - a wand of digging (44)
 B - a wand of iceblast (62)
 D - a wand of enslavement (83)
 F - a wand of flame (16)
 K - a wand of disintegration (10)
 O - a wand of acid (38)
 P - a wand of paralysis (11)
Scrolls
 e - 29 scrolls of identify
 l - 7 scrolls of blinking
 n - 13 scrolls of fog
 o - 14 scrolls of teleportation
 s - 4 scrolls of magic mapping
 v - 6 scrolls of fear
 C - 2 scrolls of holy word
 I - 11 scrolls of remove curse
 R - 2 scrolls of silence
Potions
 j - a potion of ambrosia
 k - 11 potions of might
 m - 11 potions of flight
 p - 20 potions of curing
 r - 7 potions of agility
 t - 4 potions of resistance
 G - 4 potions of lignification
 M - 6 potions of heal wounds
 Q - a potion of cancellation
 S - 4 potions of haste
Miscellaneous
 d - 2 phantom mirrors
Comestibles
 c - 44 rations


   Skills:
 * Level 22.7 Fighting
 O Level 27 Axes
 * Level 24.0 Armour
 * Level 21.1 Dodging
 + Level 7.2 Evocations


You had 22 spell levels left.
You didn't know any spells.

Dungeon Overview and Level Annotations

Branches:
Dungeon (15/15)            Temple (1/1) D:6            Lair (6/6) D:11
 Shoals (4/4) Lair:2        Snake (4/4) Lair:2        Slime (5/5) Lair:6
    Orc (2/2) D:11            Elf (0/3) Orc:2        Vaults (5/5) D:13
  Crypt (1/3) Vaults:2     Depths (5/5) D:15           Hell (1/1)
    Zot (0/5) Depths:5
    Dis: Hell:1         Geh: Hell:1         Coc: Hell:1         Tar: Hell:1

Altars:
Ashenzari
Cheibriados
Dithmenos
Elyvilon
Fedhas
Gozag
Hepliaklqana
Kikubaaqudgha
Makhleb
Nemelex Xobeh
Okawaru
Qazlal
Ru
Sif Muna
Trog
Uskayaw
Vehumet
Wu Jian
Xom
Yredelemnul
Zin
The Shining One
Beogh

Shops:
D:11 *   Orc:2 ?%%(   Shoals:4 }   Snake:1 *=!   Snake:3 =(?*   Vaults:2 =
Vaults:3 %*   Depths:1 =}=   Depths:4 !![}   Depths:5 :

Portals:
Hell: Depths:1 Depths:2 Depths:3 Depths:4 Depths:5
Abyss: Depths:4
Pandemonium: Depths:3 Depths:5
Ziggurat: Depths:3
Trove: Vaults:1 (give 7 potions of haste)

Annotations:
Lair:5 fly fly
Slime:5 Dissolution
Hell Geryon


Innate Abilities, Weirdness & Mutations

You reflexively headbutt those who attack you in melee.
You have a pair of horns on your head.


Message History

The eye of draining pulsates ominously.
The eye of draining gazes at you.
You feel your power leaking away.
Unknown command.
As you read the scroll of teleportation, it crumbles to dust.
You feel strangely unstable. The acid blob closely misses you.
Dissolution completely misses you. Dissolution hits you.
* * * LOW HITPOINT WARNING * * *
The acid corrodes you!
You are splashed with acid!
The acid burns!
You resist.
* * * LOW HITPOINT WARNING * * *
The eye of draining gazes at you.
You feel your power leaking away. The floating eye seems to glare at you.
The floating eye gazes piercingly through you!
You suddenly lose the ability to move!
The acid blob hits you.
* * * LOW HITPOINT WARNING * * *
You are splashed with acid!
The acid burns!
You resist.
* * * LOW HITPOINT WARNING * * *
Dissolution hits you!!
You die...

#....................***,,*,**,
#....................**,,,,**,,
#...................##*,,,,,*,*
##.........G.........#**,,,**,,
#.............G......,**,,,**,
##....................***,**,,
#...........GG........,****,*
##.........JJG.........**,,,,
#..........@...........,,,,,
*##......................,,,,
*............................
###..........................
#.#.........................
#####.......................
#........................
###......................
##.....................


You could see Dissolution, an acid blob, a great orb of eyes, 2 eyes of draining
and 2 floating eyes.

Vanquished Creatures
  Mara (Shoals:4)
  A juggernaut (Depths:5)
  A greater mummy (WizLab)
  Sojobo (Depths:2)
  2 golden dragons
  A bone dragon (Depths:5)
  the Enchantress (Depths:1)
  Jorgrun (Vaults:1)
  A tentacled monstrosity (Depths:5)
  The ghost of dricus the Slayer, an adept MiBe of Trog (Shoals:4)
  Rupert (Orc:2)
  A quicksilver dragon (Depths:3)
  4 liches
  8 acid blobs
  A titan (Depths:3)
  Frances (Snake:1)
  The ghost of topfpfpflanze the Eclecticist, an adept FoEE of Cheibriados (D:15)
  A shadow dragon (Depths:5)
  Ilsuiw (Shoals:3)
  6 azure jellies
  Kirke (Lair:6)
  A storm dragon (Depths:3)
  Roxanne (D:14)
  7 tengu reavers
  6 nagarajas (Snake:4)
  3 iron dragons
  A deep elf sorcerer (Vaults:4)
  A draconian scorcher (Depths:5)
  5 frost giants
  11 vault wardens
  6 fire giants
  The ghost of Roak the Grappler, a journeyman TrWr of Cheibriados (Snake:1)
  A deep elf elementalist (Depths:4)
  Louise (Shoals:3)
  A draconian stormcaller (Depths:5)
  Aizul (Snake:4)
  21 very ugly things
  11 ironheart preservers
  A caustic shrike zombie (WizLab)
  6 spriggan defenders
  14 stone giants
  A black draconian (Depths:5)
  2 deep elf demonologists
  3 dire elephants (Lair:6)
  4 deep elf annihilators
  3 yellow draconians (Depths:5)
  Nessos (Lair:6)
  A spark wasp (Depths:4)
  3 purple draconians (Depths:5)
  12 ettins
  4 deep elf death magi
  13 merfolk javelineers
  A blizzard demon (Depths:2)
  Josephine (Lair:6)
  A quicksilver dragon zombie (WizLab)
  A mummy priest (WizLab)
  Snorg (Lair:3)
  A jiangshi (Depths:2)
  4 death oozes
  17 great orbs of eyes
  7 yaktaur captains
  A minotaur (Lab)
  8 ice dragons
  13 vault guards
  2 hell beasts (Depths:3)
  7 merfolk impalers
  10 rakshasas
  21 naga warriors
  13 fire dragons
  2 merfolk avatars
  Erica (Orc:1)
  3 death knights
  5 merfolk aquamancers
  8 spriggan air magi
  3 hydras
  16 anacondas
  2 alligator snapping turtles
  9 deep troll shamans
  11 ogre magi
  30 two-headed ogres
  11 centaur warriors
  10 deep troll earth magi
  3 satyrs
  11 death yaks
  3 vampire magi
  7 tengu warriors
  7 spriggan berserkers
  10 hell knights
  16 naga sharpshooters
  8 shock serpents
  An orc high priest (Orc:2)
  A sun demon (Depths:3)
  Sonja (D:12)
  A deep elf knight (Vaults:2)
  A soul eater (Depths:3)
  A shadow wraith (Vaults:3)
  3 iron trolls
  7 skeletal warriors
  6 sea snakes
  A spark wasp zombie (Depths:3)
  4 unseen horrors
  19 deep trolls
  An unseen horror (shapeshifter) (Vaults:3)
  7 glowing orange brains
  3 wizards
  A shadow dragon zombie (WizLab)
  3 flayed ghosts
  9 naga ritualists
  10 deep elf archers
  2 phantasmal warriors (Vaults:3)
  A glowing orange brain (shapeshifter) (D:15)
  40 harpies
  2 necromancers
  17 ironbrand convokers
  23 orc knights
  4 lindwurms (Lair:5)
  The ghost of Rrauwl the Skirmisher, a novice BaWz of Uskayaw (D:6)
  3 oklob plants (D:11)
  A wolf spider zombie (WizLab)
  10 mana vipers
  A wolf spider (Vaults:4)
  8 fauns
  2 harpies (shapeshifter)
  42 ugly things
  9 deep elf magi
  A moth of wrath (shapeshifter) (Depths:3)
  10 salamanders
  An orc sorcerer (D:15)
  2 manticores (shapeshifter)
  A salamander (shapeshifter) (Depths:2)
  8 manticores
  2 demonspawn zombies (WizLab)
  10 cyclopes
  2 shining eyes
  4 elephants (Lair:6)
  12 vault sentinels
  A centaur zombie (D:11)
  16 guardian serpents
  An ice statue (IceCv)
  39 black mambas
  Joseph (D:7)
  A torpor snail (Lair:5)
  9 merfolk sirens
  18 naga magi
  An eye of devastation (Slime:5)
  7 water nymphs
  3 centaur skeletons
  2 gargoyles
  An orange demon (Depths:3)
  2 yaktaur zombies (WizLab)
  4 freezing wraiths
  10 spiny frogs
  2 rime drakes (Lair:5)
  8 komodo dragons
  35 yaktaurs
  A yaktaur (shapeshifter) (Depths:1)
  A komodo dragon (shapeshifter) (Vaults:2)
  A hellwing (Depths:3)
  An ice devil (Depths:3)
  A troll (shapeshifter) (Vaults:4)
  7 trolls
  37 merfolk
  2 red devils
  5 tengu conjurers
  6 guardian mummies (WizLab)
  2 jumping spiders (shapeshifter)
  A polar bear (shapeshifter) (D:15)
  7 wind drakes
  6 meliai
  7 blink frogs
  6 dream sheep (Shoals:2)
  A wind drake (shapeshifter) (Depths:2)
  14 polar bears (IceCv)
  11 hornets
  The ghost of Fv001 the Magician, an amateur GnWn (D:4)
  13 hippogriffs
  85 slime creatures
  7 snapping turtles
  A slime creature (shapeshifter) (Depths:3)
  5 air elementals
  2 redbacks (Lab)
  4 vampires
  7 spriggans
  10 wraiths
  2 wyverns
  15 water elementals
  A fire bat (shapeshifter) (Vaults:4)
  A ynoxinul (Depths:3)
  5 hogs (Lair:6)
  37 yaks
  2 humans (shapeshifter)
  A golden eye (Slime:5)
  3 hungry ghosts
  A neqoxec (Depths:3)
  A steam dragon (D:12)
  6 vampire mosquitoes (D:15)
  A swamp worm (shapeshifter) (D:15)
  55 nagas
  10 wargs
  3 acid dragons
  A tengu zombie (WizLab)
  2 floating eyes
  Duvessa (D:4)
  14 water moccasins
  36 orc warriors
  7 porcupines
  A sky beast (D:11)
  2 black bears
  8 ice beasts
  4 eyes of draining
  A necrophage (D:6)
  23 ogres
  2 phantoms
  2 eyes of draining (shapeshifter)
  15 wolves
  6 boggarts
  16 centaurs
  11 crocodiles
  2 big kobolds
  13 bullfrogs
  A gnoll sergeant (D:7)
  Dowan (D:4)
  A wyvern skeleton (D:9)
  2 raiju zombies (WizLab)
  5 scorpions
  4 killer bees
  4 wights (D:12)
  A spriggan skeleton (Lab)
  2 electric eels (Lair:3)
  A troll skeleton (Lab)
  8 howler monkeys
  8 crimson imps
  A bullfrog zombie (D:5)
  7 hounds
  A jelly (D:9)
  14 orc priests
  2 bullfrog skeletons
  3 iron imps
  4 iguanas
  27 orc wizards
  7 worker ants
  2 ogre skeletons (Lab)
  A hound zombie (D:6)
  3 worker ant zombies
  8 gnolls
  15 adders
  2 shadow imps
  A white imp (Depths:3)
  An ufetubus (Depths:3)
  An adder zombie (D:8)
  4 worms
  4 dart slugs
  5 leopard geckos
  101 orcs
  3 ball pythons
  6 giant cockroaches
  12 goblins
  6 hobgoblins
  12 jackals
  5 quokkas
  7 bats
  4 frilled lizards
  14 kobolds
  A leopard gecko skeleton (D:4)
  A quokka skeleton (D:4)
  5 rats
  A butterfly (D:6)
  A fungus (Lair:6)
  24 plants
  3 tentacles (Shoals:4)
1849 creatures vanquished.

Vanquished Creatures (collateral kills)
  A frost giant (Depths:3)
  2 spark wasps (Depths:3)
  A cyclops (shapeshifter) (Depths:3)
  An ogre (Depths:3)
  A crimson imp (Depths:3)
6 creatures vanquished.

Vanquished Creatures (others)
  A jiangshi (Depths:2)
  A great orb of eyes (Depths:3)
  An orc knight (Vaults:2)
  A yaktaur (Vaults:3)
  A boggart (Depths:4)
  A bat (D:4)
  A bush (D:8)
  3 fungi (Lair:6)
  20 plants
  7 tentacles (Shoals:4)
37 creatures vanquished.

Grand Total: 1892 creatures vanquished

Notes
Turn   | Place    | Note
-------+----------+-------------------------------------------
     0 | D:1      | KamiKatze the Minotaur Berserker began the quest for the Orb.
     0 | D:1      | Reached XP level 1. HP: 19/19 MP: 0/0
   283 | D:1      | Reached XP level 2. HP: 27/27 MP: 1/1
   320 | D:1      | Reached skill level 4 in Axes
  1098 | D:2      | Reached ** piety under Trog
  1098 | D:2      | Reached XP level 3. HP: 24/33 MP: 2/2
  1684 | D:2      | Reached XP level 4. HP: 40/40 MP: 3/3
  2034 | D:2      | Reached skill level 5 in Axes
  2037 | D:2      | Reached XP level 5. HP: 25/47 MP: 4/4
  2487 | D:3      | Reached *** piety under Trog
  2487 | D:3      | Reached XP level 6. HP: 50/55 MP: 5/5
  2519 | D:3      | Found a blossoming altar of Fedhas.
  2601 | D:3      | Reached skill level 5 in Fighting
  2753 | D:3      | Reached skill level 6 in Axes
  3042 | D:4      | Noticed Duvessa
  3053 | D:4      | Noticed Dowan
  3055 | D:4      | Killed Duvessa
  3062 | D:4      | Killed Dowan
  3162 | D:4      | Reached XP level 7. HP: 60/61 MP: 6/6
  3397 | D:4      | Found a stormy altar of Qazlal.
  3463 | D:4      | Noticed Fv001's ghost (amateur GnWn)
  3516 | D:4      | HP: 3/61 [Fv001's ghost/flame tongue (15)]
  3517 | D:4      | Killed Fv001's ghost
  3517 | D:4      | Reached skill level 7 in Axes
  3517 | D:4      | Reached skill level 5 in Armour
  3840 | D:5      | Entered Level 5 of the Dungeon
  4031 | D:5      | Reached skill level 5 in Dodging
  4031 | D:5      | Reached XP level 8. HP: 56/71 MP: 7/7
  4308 | D:5      | Found a glowing golden altar of the Shining One.
  4324 | D:5      | Reached skill level 8 in Axes
  4462 | D:6      | Found a stormy altar of Qazlal.
  4531 | D:6      | Found a staircase to the Ecumenical Temple.
  4536 | Temple   | Entered the Ecumenical Temple
  4986 | D:6      | Reached **** piety under Trog
  5097 | D:6      | Noticed Rrauwl's ghost (novice BaWz)
  5122 | D:6      | Killed Rrauwl's ghost
  5122 | D:6      | Reached skill level 9 in Axes
  5122 | D:6      | Reached XP level 9. HP: 64/79 MP: 8/8
  5726 | D:7      | Found a roughly hewn altar of Beogh.
  5903 | D:7      | Noticed Joseph
  5922 | D:7      | Killed Joseph
  6361 | D:7      | Found an ancient bone altar of Kikubaaqudgha.
  6568 | D:8      | Noticed a two-headed ogre
  6587 | D:8      | Killed a two-headed ogre
  6587 | D:8      | Reached skill level 10 in Axes
  6587 | D:8      | Reached XP level 10. HP: 30/90 MP: 9/9
  7020 | D:8      | Noticed a gargoyle
  7029 | D:8      | Killed a gargoyle
  7732 | D:9      | Noticed a two-headed ogre
  7774 | D:9      | Killed a two-headed ogre
  7774 | D:9      | Reached skill level 11 in Axes
  8225 | D:9      | Found a glowing silver altar of Zin.
  8226 | D:9      | Noticed an angel
  8296 | D:10     | Entered Level 10 of the Dungeon
  8347 | D:10     | Reached skill level 10 in Fighting
  8364 | D:10     | Reached ***** piety under Trog
  8671 | D:10     | Noticed a tengu warrior
  8682 | D:10     | Killed a tengu warrior
  8682 | D:10     | Reached skill level 12 in Axes
  8682 | D:10     | Reached XP level 11. HP: 99/99 MP: 10/10
  8803 | D:10     | Reached skill level 10 in Armour
  9644 | D:11     | Noticed an oklob plant
  9722 | D:11     | Found a white marble altar of Elyvilon.
  9723 | D:11     | Found Xuxatzal's Hallowed Reliquary.
  9723 | D:11     | Noticed an angel
  9870 | D:11     | Noticed a two-headed ogre
  9900 | D:11     | Killed a two-headed ogre
 10001 | D:11     | Noticed a two-headed ogre
 10045 | D:11     | Killed a two-headed ogre
 10045 | D:11     | Reached skill level 13 in Axes
 10066 | D:11     | Found a staircase to the Orcish Mines.
 10316 | D:11     | Found a staircase to the Lair.
 10316 | D:11     | Noticed an oklob plant
 10316 | D:11     | Noticed an oklob plant
 10347 | D:11     | Killed an oklob plant
 10383 | D:11     | Killed an oklob plant
 10383 | D:11     | Reached skill level 10 in Dodging
 10443 | D:11     | Killed an oklob plant
 10581 | Lair:1   | Entered Level 1 of the Lair of Beasts
 10907 | Lair:1   | Received a gift from Trog
 11049 | Lair:1   | Noticed a four-headed hydra
 11102 | Lair:1   | Killed a four-headed hydra
 11102 | Lair:1   | Reached XP level 12. HP: 73/109 MP: 11/11
 11810 | Lair:2   | Reached skill level 14 in Axes
 11950 | Lair:2   | Noticed a death yak
 11951 | Lair:2   | Noticed a death yak
 11993 | Lair:2   | Killed a death yak
 11994 | Lair:2   | Noticed a death yak
 11995 | Lair:2   | Noticed a death yak
 11998 | Lair:2   | Noticed a death yak
 12002 | Lair:1   | Killed a death yak
 12257 | Lair:2   | Found a staircase to the Snake Pit.
 12268 | Lair:2   | Found a staircase to the Shoals.
 12783 | Lair:2   | Killed a death yak
 12792 | Lair:2   | Killed a death yak
 12802 | Lair:2   | Killed a death yak
 12886 | Lair:3   | Noticed Snorg
 12896 | Lair:3   | Killed Snorg
 12896 | Lair:3   | Reached skill level 15 in Axes
 13036 | Snake:1  | Entered Level 1 of the Snake Pit
 13036 | Snake:1  | Noticed an anaconda
 13055 | Shoals:1 | Entered Level 1 of the Shoals
 14096 | Lair:4   | Found a labyrinth entrance.
 14139 | Lab      | Entered a labyrinth
 14490 | Lab      | Noticed a minotaur
 14495 | Lab      | Killed a minotaur
 14495 | Lab      | Reached XP level 13. HP: 98/118 MP: 12/12
 14561 | Lab      | Found the +8 whip "Snakebite" {curare, rPois}
 14561 | Lab      | Got a wavering bone ring
 14562 | Lab      | Got a translucent mace
 14562 | Lab      | Got a shimmering plate armour
 14577 | Lab      | Identified the +9 plate armour "Ririnure" {SInv} (You found it in a labyrinth)
 14593 | Lab      | Identified the cursed +0 mace "Roriom" {freeze, rF++ MR-} (You found it in a labyrinth)
 14600 | Lab      | Identified the ring "Epopn" {rElec MP+9} (You found it in a labyrinth)
 14627 | Lair:4   | Identified a scroll of acquirement
 15487 | Lair:5   | Found a frozen archway.
 15538 | IceCv    | Entered an ice cave
 16136 | IceCv    | Reached skill level 16 in Axes
 16281 | IceCv    | Noticed a frost giant
 16303 | IceCv    | Killed a frost giant
 16393 | IceCv    | Found the +3 giant club "Skullcrusher" {speed, Str+7}
 16998 | Lair:5   | Got a crude hand axe
 17619 | Lair:6   | Entered Level 6 of the Lair of Beasts
 17788 | Lair:5   | Received a gift from Trog
 17867 | Lair:6   | Reached ****** piety under Trog
 18241 | Lair:6   | Noticed Nessos
 18257 | Lair:6   | Killed Nessos
 18257 | Lair:6   | Reached skill level 17 in Axes
 18285 | Lair:6   | Reached XP level 14. HP: 119/128 MP: 13/13
 18366 | Lair:6   | Found a staircase to the Slime Pits.
 18370 | Lair:6   | Noticed Josephine
 18377 | Lair:6   | Killed Josephine
 18542 | Lair:6   | Noticed Kirke
 18556 | Lair:6   | Killed Kirke
 19783 | Lair:5   | Identified the +3 hand axe of Fufy Oga {protect, +Rage rC+ Int+3} (You found it on level 5 of the Lair of Beasts)
 20603 | D:12     | Noticed Sonja
 20609 | D:12     | Killed Sonja
 20986 | D:13     | Reached skill level 18 in Axes
 21609 | D:13     | Got a bone war axe
 21610 | D:13     | Identified the +10 war axe of Absolution {freeze, Stlth+} (You found it on level 13 of the Dungeon)
 21647 | D:13     | Received a gift from Trog
 21685 | D:13     | Found a gate to the Vaults.
 22095 | D:13     | You fall through a shaft for 2 floors!
 22095 | D:15     | Entered Level 15 of the Dungeon
 22230 | D:13     | Reached skill level 15 in Armour
 22230 | D:13     | Reached XP level 15. HP: 138/138 MP: 14/14
 22363 | Orc:1    | Entered Level 1 of the Orcish Mines
 22426 | Orc:1    | Noticed Erica
 22621 | Orc:1    | Killed Erica
 22735 | Orc:1    | Found a bloodstained altar of Trog.
 22939 | Orc:2    | Entered Level 2 of the Orcish Mines
 23259 | Orc:2    | Received a gift from Trog
 23572 | Orc:2    | Found a staircase to the Elven Halls.
 23670 | Orc:2    | Noticed Rupert
 23692 | Orc:2    | Killed Rupert
 23850 | Orc:2    | Found a roughly hewn altar of Beogh.
 23903 | Orc:2    | Reached skill level 15 in Fighting
 23903 | Orc:2    | Reached skill level 19 in Axes
 23949 | Orc:2    | Found Gail's Weapon Shop.
 23949 | Orc:2    | Found Ropuecao's Food Emporium.
 24057 | Orc:2    | Found a roughly hewn altar of Beogh.
 24137 | Orc:2    | Found Gazakecomp's Magic Scroll Emporium.
 24137 | Orc:2    | Found Aquitsom's Food Shop.
 24257 | Orc:2    | Found a roughly hewn altar of Beogh.
 24736 | D:14     | Noticed Roxanne
 24752 | D:14     | Received a gift from Trog
 24827 | D:14     | Found a white marble altar of Elyvilon.
 24909 | D:14     | Killed Roxanne
 25182 | D:15     | Noticed topfpfpflanze's ghost (adept FoEE)
 25211 | D:15     | Killed topfpfpflanze's ghost
 25716 | D:15     | Received a gift from Trog
 25731 | D:15     | Found a staircase to the Depths.
 26619 | Snake:1  | Noticed Frances
 26675 | Snake:1  | Killed Frances
 26675 | Snake:1  | Reached skill level 20 in Axes
 26675 | Snake:1  | Reached XP level 16. HP: 98/149 MP: 15/15
 26919 | Snake:1  | Noticed Roak's ghost (journeyman TrWr)
 26991 | Snake:1  | Killed Roak's ghost
 27008 | Snake:1  | Found Exeogew's Distillery.
 27013 | Snake:1  | Bought a potion of curing for 57 gold pieces
 27066 | Snake:1  | Found Deciut's Jewellery Shoppe.
 27370 | Snake:1  | Found Lowy's Assorted Antiques.
 27379 | Snake:1  | Bought a scroll of magic mapping for 91 gold pieces
 27379 | Snake:1  | Bought a potion of mutation for 208 gold pieces
 27379 | Snake:1  | Bought a potion of heal wounds for 130 gold pieces
 28878 | Snake:3  | Found Ilis's Jewellery Shop.
 29512 | Snake:3  | Received a gift from Trog
 29617 | Snake:3  | Reached skill level 15 in Dodging
 29766 | Snake:4  | Entered Level 4 of the Snake Pit
 29910 | Snake:3  | Reached skill level 21 in Axes
 30583 | Snake:3  | Found Illupp's Weapon Shop.
 30818 | Snake:3  | Found Fuecuz's Magic Scroll Boutique.
 30819 | Snake:3  | Found Nutteib's Assorted Antiques.
 30824 | Snake:3  | Bought a scroll of enchant armour for 135 gold pieces
 30826 | Snake:3  | Bought a scroll labeled EMATWO NYG CYRCH for 38 gold pieces
 31252 | Snake:4  | Reached XP level 17. HP: 97/160 MP: 16/16
 31671 | Snake:4  | Received a gift from Trog
 33192 | Snake:4  | Received a gift from Trog
 33585 | Snake:4  | Reached skill level 22 in Axes
 33782 | Snake:4  | Noticed Aizul
 34020 | Snake:4  | Killed Aizul
 34144 | Snake:4  | Got a serpentine rune of Zot
 34378 | D:11     | Bought a scroll of holy word for 82 gold pieces
 34378 | D:11     | Bought a potion of heal wounds for 55 gold pieces
 34378 | D:11     | Bought a scroll of holy word for 82 gold pieces
 34517 | Shoals:1 | Received a gift from Trog
 35591 | Shoals:2 | Reached XP level 18. HP: 169/170 MP: 5/17
 35606 | Shoals:2 | Reached skill level 1 in Evocations
 36230 | Shoals:2 | Received a gift from Trog
 36388 | Shoals:4 | Entered Level 4 of the Shoals
 36390 | Shoals:4 | Noticed Louise
 38072 | Shoals:3 | Received a gift from Trog
 38779 | Shoals:4 | Noticed Mara
 38811 | Shoals:4 | Noticed KamiKatze's illusion
 38832 | Shoals:4 | HP: 3/171 [Mara (illusionary)/bolt of fire (64)]
 39383 | Shoals:4 | Noticed KamiKatze's illusion
 39393 | Shoals:4 | Killed Mara
 39393 | Shoals:4 | Reached skill level 23 in Axes
 39413 | Shoals:4 | Got a faintly humming plate armour
 39433 | Shoals:4 | Found Xolezoett's Gadget Emporium.
 39462 | Shoals:3 | Identified the +11 plate armour "Forget-Me-Not" {rPois} (You took it off a merfolk on level 4 of the Shoals)
 39849 | Shoals:4 | Noticed Ilsuiw
 40108 | Shoals:3 | Killed Louise
 40145 | Shoals:3 | Killed Ilsuiw
 40510 | Shoals:4 | Got a barnacled rune of Zot
 40627 | Shoals:4 | Received a gift from Trog
 40677 | Shoals:4 | Got a clouded brass ring
 40679 | Shoals:4 | Identified the ring of Beauty {rPois rF++ rC+ MR-} (You found it on level 4 of the Shoals)
 40942 | Shoals:4 | Noticed dricus's ghost (adept MiBe)
 40971 | Shoals:4 | Killed dricus's ghost
 41317 | Shoals:4 | Identified the Compendium of Envenoming and Clay
 41404 | Shoals:4 | Found the +2 cloak of the Thief {+Fog Slay-2 SInv Stlth+}
 41420 | Shoals:4 | Reached XP level 19. HP: 170/179 MP: 7/21
 41751 | Vaults:1 | Entered Level 1 of the Vaults
 41861 | Vaults:1 | Got an encrusted broad axe
 41862 | Vaults:1 | Identified the +7 broad axe of Eternal Vigilance {venom, rF+ rC++} (You found it on level 1 of the Vaults)
 42340 | Vaults:1 | Found a portal to a secret trove of treasure.
 42445 | Vaults:1 | Received a gift from Trog
 42858 | Vaults:1 | Noticed Jorgrun
 42872 | Vaults:1 | Killed Jorgrun
 43399 | Vaults:2 | Reached skill level 24 in Axes
 44016 | Vaults:2 | Found a staircase to the Crypt.
 44082 | Crypt:1  | Entered Level 1 of the Crypt
 44133 | Vaults:2 | Received a gift from Trog
 44390 | Vaults:2 | Found Gingepsun's Jewellery Shop.
 44969 | Vaults:3 | Reached XP level 20. HP: 191/191 MP: 7/22
 45012 | Vaults:3 | Found Went's General Store.
 45067 | Vaults:3 | Found Ukubom's Food Emporium.
 45085 | Vaults:3 | Bought a scroll of teleportation for 57 gold pieces
 45085 | Vaults:3 | Bought a scroll of enchant armour for 142 gold pieces
 45085 | Vaults:3 | Bought a scroll of enchant armour for 142 gold pieces
 45085 | Vaults:3 | Bought a scroll of enchant weapon for 142 gold pieces
 45121 | Vaults:3 | Received a gift from Trog
 45800 | Vaults:3 | Reached skill level 25 in Axes
 45804 | Vaults:3 | Received a gift from Trog
 47235 | Vaults:4 | HP: 6/193 [vault warden/enchanted war axe (28)]
 48147 | Vaults:4 | Received a gift from Trog
 48404 | Vaults:5 | Entered Level 5 of the Vaults
 48698 | Snake:1  | Bought a potion of curing for 57 gold pieces
 48698 | Snake:1  | Bought a potion of heal wounds for 95 gold pieces
 48698 | Snake:1  | Bought a potion of curing for 57 gold pieces
 48698 | Snake:1  | Bought a potion of curing for 57 gold pieces
 48698 | Snake:1  | Bought a potion of heal wounds for 95 gold pieces
 48773 | Snake:3  | Bought 2 potions of mutation for 608 gold pieces
 48773 | Snake:3  | Bought a potion of heal wounds for 190 gold pieces
 49049 | Depths:1 | Entered Level 1 of the Depths
 49061 | Depths:1 | Reached XP level 21. HP: 200/200 MP: 7/23
 49188 | Depths:1 | Found a sacrificial altar of Ru.
 49550 | Depths:1 | Noticed the Enchantress
 49577 | Depths:1 | Killed the Enchantress
 50055 | Depths:1 | Reached skill level 26 in Axes
 50061 | Depths:1 | Found a gateway to Hell.
 50432 | Hell     | Entered the Vestibule of Hell
 50432 | Hell     | Noticed Geryon
 50554 | Depths:1 | Found Ykuhor's Jewellery Emporium.
 50554 | Depths:1 | Found Dijuatos's Gadget Boutique.
 50555 | Depths:1 | Found Cuosoxze's Jewellery Emporium.
 50667 | Depths:2 | Received a gift from Trog
 50718 | Depths:2 | Found a magical portal.
 50721 | WizLab   | Entered Doroklohe's Tomb
 50925 | WizLab   | Noticed a greater mummy
 50936 | WizLab   | Killed a greater mummy
 51487 | Depths:2 | Noticed Sojobo
 51539 | Depths:1 | Noticed a golden dragon
 51551 | Depths:2 | Killed a golden dragon
 52334 | Depths:2 | Received a gift from Trog
 52429 | Depths:2 | Received a gift from Trog
 52614 | Depths:2 | Killed Sojobo
 52810 | Depths:2 | Reached XP level 22. HP: 211/211 MP: 8/24
 53856 | Depths:3 | Paralysed by a floating eye for 3 turns
 53860 | Depths:3 | Paralysed by a floating eye for 2 turns
 54106 | Depths:3 | Found a gateway to a ziggurat.
 54166 | Depths:3 | Received a gift from Trog
 54231 | Depths:3 | Reached skill level 27 in Axes
 54915 | Depths:3 | Found a one-way gate leading to the halls of Pandemonium.
 54998 | Depths:3 | Noticed a golden dragon
 55033 | Depths:3 | Killed a golden dragon
 55100 | Depths:3 | Got a translucent eveningstar {pain}
 55103 | Depths:3 | Identified the cursed +0 eveningstar of Orap {pain, +Rage rC+} (You took it off a tengu reaver on level 3 of the Depths)
 55276 | Depths:3 | Got a steaming steel ring
 55479 | Depths:4 | Received a gift from Trog
 55680 | Depths:4 | Found Ajerist's Distillery.
 56160 | Depths:4 | Reached skill level 5 in Evocations
 56758 | Depths:4 | Found Etefedoxu's Gadget Boutique.
 56837 | Depths:4 | Found Esaschush's Armour Shop.
 57118 | Depths:4 | Received a gift from Trog
 57157 | Depths:4 | Identified the ring of a Spat {Wiz *Drain rElec Int+5} (You took it off a fire giant on level 3 of the Depths)
 57163 | Depths:4 | Got a pitted marble ring
 57165 | Depths:4 | Identified the ring of the Briny Deep {+Fly rElec rC++ Str-2} (You took it off a frost giant on level 4 of the Depths)
 57207 | Depths:4 | Reached XP level 23. HP: 114/222 MP: 9/26
 57509 | Depths:4 | Found Ettabora's Distillery.
 57521 | Depths:4 | Bought a potion of haste for 120 gold pieces
 57521 | Depths:4 | Bought a potion of heal wounds for 60 gold pieces
 57521 | Depths:4 | Bought a potion of ambrosia for 96 gold pieces
 57521 | Depths:4 | Bought a potion of heal wounds for 60 gold pieces
 57531 | Depths:4 | Found a one-way gate to the infinite horrors of the Abyss.
 57865 | Depths:5 | Entered Level 5 of the Depths
 57866 | Depths:5 | Found Xownariso's Book Shop.
 57885 | Depths:5 | Received a gift from Trog
 58500 | Depths:5 | Noticed a juggernaut
 58512 | Depths:5 | Killed a juggernaut
 59676 | Depths:5 | Found a gate to the Realm of Zot.
 60478 | Depths:1 | Bought a phantom mirror for 510 gold pieces
 60478 | Depths:1 | Bought a phantom mirror for 510 gold pieces
 60730 | Slime:1  | Entered Level 1 of the Pits of Slime
 60790 | Lair:6   | Received a gift from Trog
 61374 | Slime:5  | Entered Level 5 of the Pits of Slime
 61587 | Slime:4  | Received a gift from Trog
 61692 | Slime:5  | Noticed Dissolution
 61699 | Slime:5  | Paralysed by a floating eye for 3 turns
 61705 | Slime:5  | Paralysed by a floating eye for 3 turns
 61715 | Slime:5  | HP: 11/225 [Dissolution (3)]
 61715 | Slime:5  | Paralysed by a floating eye for 4 turns
 61715 | Slime:5  | HP: 3/225 [acid (5)]
 61716 | Slime:5  | Annihilated by Dissolution

Skill      XL: |  1  2  3  4  5  6  7  8  9 10 11 12 13 14 15 16 17 18 19 20 21 22 23 |
---------------+----------------------------------------------------------------------+-----
Axes           | 4 5 6 7 9 10 12 13 15 17 18 20 21 22 23 24 25 26 27 | 27.0
Fighting       | 4 5 6 7 9 10 11 12 13 14 15 16 17 18 19 20 21 22 | 22.7
Armour         | 3 4 5 7 8 9 11 12 13 15 16 18 19 20 21 22 23 24 | 24.0
Dodging        | 3 4 5 6 7 9 10 11 12 13 14 15 16 17 18 19 20 21 | 21.1
Evocations     | 4 5 7 |  7.2

Action                   |  1- 3 |  4- 6 |  7- 9 | 10-12 | 13-15 | 16-18 | 19-21 | 22-24 || total
-------------------------+-------+-------+-------+-------+-------+-------+-------+-------++-------
Melee: Hand axe          |   100 |   113 |   314 |   342 |       |       |       |       ||   869
       Headbutt          |    11 |    17 |    69 |   237 |   305 |   328 |   340 |   254 ||  1561
       War axe           |       |       |       |   486 |   548 |   812 |       |       ||  1846
       Flail             |       |       |       |     7 |       |       |       |       ||     7
       Broad axe         |       |       |       |       |   565 |       |       |       ||   565
       Whip              |       |       |       |       |    14 |    31 |       |       ||    45
       Battleaxe         |       |       |       |       |    59 |       |       |       ||    59
       Scimitar          |       |       |       |       |     6 |       |       |       ||     6
       Executioner's axe |       |       |       |       |       |   591 |  1308 |   828 ||  2727
Throw: Tomahawk          |       |       |     3 |       |       |       |       |       ||     3
Invok: Berserk           |     1 |     2 |     5 |     7 |     4 |     3 |     2 |     1 ||    25
       Trog's Hand       |       |     1 |     3 |     8 |    13 |    16 |    21 |     6 ||    68
       Burn Spellbooks   |       |       |       |       |     4 |     2 |     2 |     1 ||     9
       Brothers in Arms  |       |       |       |       |       |       |       |     1 ||     1
Evoke: Wand              |       |       |       |     1 |     4 |    13 |     2 |     5 ||    25
  Use: Scroll            |       |    11 |     5 |    10 |     5 |     8 |     8 |     8 ||    55
       Potion            |       |       |       |       |     1 |     7 |    11 |     1 ||    20
 Stab: Distracted        |       |       |       |       |       |       |     1 |       ||     1
  Eat: Chunk             |     3 |     4 |    16 |    34 |    38 |    23 |    30 |    17 ||   165
       Ration            |       |     1 |       |     6 |     3 |    10 |     5 |     5 ||    30
Armor: Animal skin       |     7 |       |       |       |       |       |       |       ||     7
       Ring mail         |    17 |     5 |       |       |       |       |       |       ||    22
       Scale mail        |       |    49 |    11 |       |       |       |       |       ||    60
       Chain mail        |       |       |   106 |   208 |       |       |       |       ||   314
       Plate armour      |       |       |       |   101 |   577 |   816 |   659 |   513 ||  2666
Dodge: Dodged            |    56 |    88 |   127 |   345 |   611 |   924 |   804 |   617 ||  3572
Block: Other             |       |       |       |    44 |   115 |   165 |   125 |    86 ||   535
       Reflection        |       |       |       |       |     3 |    16 |    11 |     4 ||    34
       Rpst.: Scimitar   |       |       |       |       |     1 |       |       |       ||     1
